 Dungeon Crawl Stone Soup version 0.30-a0-862-g1aabd4f9c5 (webtiles) character file.

Game seed: 10537661859297686847

15875 cforsyth the Thaumaturge (level 12, -4/71 HPs)
             Began as a Deep Elf Earth Elementalist on Mar 9, 2023.
             Was a High Priest of Vehumet.
             Slain by an orc knight
             ... wielding a +0 long sword
              (10 damage)
             ... on level 12 of the Dungeon.
             The game lasted 00:29:57 (14524 turns).

cforsyth the Thaumaturge (DEEE)                    Turns: 14524, Time: 00:29:58

Health: -4/71      AC:  8    Str:  2    XL:     12   Next: 5%
Magic:  7/32       EV: 17    Int: 26    God:    Vehumet [*****.]
Gold:   780        SH:  5    Dex: 15    Spells: 22/39 levels left

rFire   . . .      SeeInvis +    F - +2 trident of the Baleful God {freeze, rC++ Str-3 SInv}
rCold   + + .      Faith    .    (no shield)
rNeg    . . .      Spirit   .    B - +0 steam dragon scales
rPois   +          Reflect  +    (no helmet)
rElec   .          Rampage  .    K - +0 cloak
rCorr   .                        (no gloves)
Will    +....                    u - +1 pair of boots
Stlth   ++                       A - amulet of reflection
HPRegen 0.31/turn                e - ring of poison resistance
MPRegen 0.23/turn                D - ring of wizardry

@: about to teleport, studying Unarmed Combat
A: no striking features
a: Renounce Religion


You were on level 12 of the Dungeon.
You worshipped Vehumet.
Vehumet was extremely pleased with you.
You visited 2 branches of the dungeon, and saw 13 of its levels.
You also visited: Ossuary and Bailey.

You collected 780 gold pieces.

Inventory:

Hand Weapons
 y - the +6 spear of Untruth {flame, rElec rPois Will+ Int-3}
   (You took it off an orc warrior in a bailey)

   Int:       It affects your intelligence (-3).
   rElec:     It insulates you from electricity.
   rPois:     It protects you from poison.
   Will:      It increases your willpower.
 F - the +2 trident of the Baleful God (weapon) {freeze, rC++ Str-3 SInv}
   (You found it on level 9 of the Dungeon)

   Str:       It affects your strength (-3).
   rC:        It greatly protects you from cold.
   SInv:      It lets you see invisible.
Missiles
 L - 5 throwing nets
Armour
 m - a +2 scale mail of willpower
 u - a +1 pair of boots (worn)
 B - +0 steam dragon scales (worn)
 K - a +0 cloak (worn)
Jewellery
 a - a ring of resist corrosion
 e - a ring of poison resistance (left hand)
 q - an amulet of magic regeneration
 A - an amulet of reflection (around neck)
 D - a ring of wizardry (right hand)
 M - a ring of flight
Wands
 i - a wand of flame (6)
 x - a wand of light (16)
 C - a wand of charming (12)
 N - a wand of mindburst (4)
Scrolls
 d - 3 scrolls of fog
 h - 3 scrolls of enchant armour
 k - 8 scrolls of teleportation
 l - a scroll of fear
 n - 3 scrolls of blinking
 p - 3 scrolls of immolation
 r - 2 scrolls of torment
 s - 2 scrolls of summoning
 w - 2 scrolls of identify
 H - a scroll of silence
 I - a scroll of enchant weapon
 P - a scroll of amnesia
Potions
 b - 2 potions of magic
 c - a potion of ambrosia
 f - 3 potions of attraction
 g - 4 potions of mutation
 j - a potion of curing
 o - a potion of resistance
 t - 2 potions of cancellation
 v - 2 potions of flight
 z - 3 potions of brilliance
 E - a potion of haste
 G - 2 potions of invisibility
 J - a potion of lignification
 O - a potion of might


   Skills:
 + Level 6.7 Fighting
 + Level 10.1 Dodging
 - Level 2.4 Stealth
 - Level 14.1 Spellcasting
 + Level 5.7 Conjurations
 - Level 1.1 Transmutations
 - Level 12.2 Earth Magic


You had 22 spell levels left.
You knew the following spells:

 Your Spells              Type           Power      Damage    Failure   Level
a - Sandblast             Erth           100%       2d20      0%          1
b - Stone Arrow           Conj/Erth      100%       3d13      1%          3
c - Mephitic Cloud        Conj/Pois/Air  28%        N/A       1%          3
d - Yara's Violent Unrav  Hex/Tmut       10%        3d6       8%          5
e - Iskenderun's Battles  Conj           48%        2d10      1%          5

Your spell library contained the following spells:

 Spells                   Type           Power      Damage    Failure   Level
 Arcjolt                  Conj/Air       16%        1d26      3%          5
 Beastly Appendage        Tmut           48%        N/A       1%          1
 Freeze                   Ice            72%        1d8       1%          1
 Magic Dart               Conj           100%       1d8       1%          1
 Necrotise                Necr           72%        1d7       1%          1
 Ensorcelled Hibernation  Hex/Ice        36%        N/A       1%          2
 Passwall                 Tmut/Erth      43%        N/A       1%          2
 Scorch                   Fire           36%        2d6       1%          2
 Searing Ray              Conj           96%        2d7       1%          2
 Wereblood                Tmut           24%        N/A       1%          2
 Frozen Ramparts          Ice            36%        1d6       1%          3
 Hailstorm                Conj/Ice       33%        3d8       1%          3
 Flame Wave               Conj/Fire      33%        2d10      1%          4
 Fulminant Prism          Conj/Hex       16%        3d10      1%          4
 Petrify                  Tmut/Erth      52%        N/A       1%          4
 Spider Form              Tmut/Pois      21%        N/A       2%          3
 Ozocubu's Armour         Ice            18%        N/A       3%          3
 Summon Guardian Golem    Hex/Summ       18%        N/A       3%          3
 Swiftness                Air            18%        N/A       3%          3
 Vampiric Draining        Necr           18%        2d7       3%          3
 Fireball                 Conj/Fire      16%        3d8       3%          5
 Conjure Ball Lightning   Conj/Air       16%        3x3d6     14%         6
 Orb of Destruction       Conj           24%        9d9       24%         7
 Agony                    Necr           18%        N/A       32%         5
 Spellforged Servitor     Conj/Summ      16%        N/A       54%         7
 Summon Cactus Giant      Summ           9%         N/A       86%         6
 Ozocubu's Refrigeration  Ice            9%         4d9       88%         7


Dungeon Overview and Level Annotations

Branches:
Dungeon (12/15)            Temple (1/1) D:4            Lair (0/5) D:8
    Orc (0/2) D:9         Ossuary (visited)          Bailey (visited)

Altars:
Ashenzari
Dithmenos
Elyvilon
Fedhas
Gozag
Hepliaklqana
Kikubaaqudgha
Makhleb
Nemelex Xobeh
Okawaru
Qazlal
Ru
Sif Muna
Trog
Uskayaw
Vehumet
Wu Jian
Xom
Yredelemnul
Zin
The Shining One

Shops:
D:4 (

Annotations:
Temple 2 transporters


Message History

The stone arrow misses the orc knight.
The orc knight shouts!
The stone arrow hits the orc knight!!
The orc knight is moderately wounded.
The orc knight completely misses you.
The stone arrow misses the orc knight.
The orc knight hits you with a +0 long sword!
A cyclops comes into view.
The stone arrow hits the orc knight.
The orc knight is moderately wounded.
The cyclops shouts!
The orc knight closely misses you.
The stone arrow misses the orc knight.
The orc knight hits you with a +0 long sword.
The stone arrow hits the orc knight!
The orc knight is heavily wounded.
The orc knight hits you with a +0 long sword!
The stone arrow misses the orc knight.
The orc knight hits you with a +0 long sword.
A two-headed ogre comes into view.
It is wielding a +0 giant club and a +0 dire flail.
The stone arrow hits the orc knight.
The orc knight is heavily wounded.
The two-headed ogre shouts in stereo!
You hear a shout! x2
The orc knight hits you with a +0 long sword!!
* * * LOW HITPOINT WARNING * * *
The cyclops throws a large rock.
The large rock barely misses you.
Things that are here:
a +0 hand axe; a +0 ring mail
As you read the scroll of teleportation, it crumbles to dust.
You feel strangely unstable.
The orc knight hits you with a +0 long sword!
* * * LOW HITPOINT WARNING * * *
Okay, then.
Unknown command.
The orc knight attacks as you move away!
The orc knight misses you.
Found an escape hatch in the floor.
Found a stone staircase leading up.
The orc knight attacks as you move away!
The orc knight hits you with a +0 long sword!
You die...

..... ####. .# #.
.# # ###. .#.# ..#
#####.#.# . ..#
##.......##.. .
#.#. #...@.......
#.##. #..o....#..<
#<##†##)......#
####..##)#)......#
#.....# #.###.####
#.....# ##....#
##.....####..#.#
#............#.#
##......####.##.#


You could see an orc knight.

Vanquished Creatures
  Harold (D:11)
  2 two-headed ogres (D:11)
  A boulder beetle (D:11)
  Pikel (D:9)
  3 cyclopes
  Joseph (D:9)
  The ghost of baller8008 the Magician, a novice DECj (D:6)
  3 kobold demonologists
  2 komodo dragons
  A troll (D:11)
  A hornet (D:9)
  4 yaks (D:9)
  4 wyverns
  The ghost of oldplebian the Cudgeller, an amateur GnCA of Ignis (D:5)
  3 wraiths
  2 humans (D:11)
  2 steam dragons
  Menkaure (D:4)
  A warg (D:12)
  An acid dragon (D:9)
  3 sky beasts
  A swamp drake (D:9)
  16 orc warriors
  An ice beast (D:5)
  An ogre (D:9)
  3 black bears
  13 centaurs
  A lemure (D:8)
  5 kobold brigands
  4 bullfrogs (D:8)
  An elf zombie (Ossuary)
  4 gnoll sergeants
  A scorpion (D:3)
  9 wights
  17 killer bees
  8 howler monkeys
  4 hounds
  2 jellies
  5 orc priests
  Crazy Yiuf (D:4)
  A gnoll bouda (D:5)
  5 iguanas
  10 orc wizards
  A hound zombie (Ossuary)
  3 mummies (Ossuary)
  7 gnolls
  7 adders
  2 shadow imps
  3 white imps
  2 ufetubi (D:5)
  6 adder zombies (Ossuary)
  2 dart slugs (D:4)
  2 worms (D:3)
  59 orcs
  4 ball pythons
  6 endoplasms
  3 giant cockroaches
  A gnoll zombie (Ossuary)
  8 goblins
  5 hobgoblins
  2 jackals (D:2)
  28 kobolds
  A quokka (D:2)
  3 bats
  4 goblin zombies (Ossuary)
  3 hobgoblin zombies (Ossuary)
  5 jackal zombies (Ossuary)
  6 kobold zombies (Ossuary)
  3 orc zombies (Ossuary)
  2 quokka zombies (Ossuary)
  22 rats
  2 rat zombies (Ossuary)
354 creatures vanquished.

Vanquished Creatures (others)
  An orc (D:9)
  A kobold (D:9)
  26 plants
28 creatures vanquished.

Grand Total: 382 creatures vanquished

Notes
Turn   | Place    | Note
-------+----------+-------------------------------------------
     0 | D:1      | cforsyth the Deep Elf Earth Elementalist began the quest
                  | for the Orb.
     0 | D:1      | Reached XP level 1. HP: 10/10 MP: 6/6
   400 | D:1      | Reached XP level 2. HP: 15/15 MP: 4/8
   850 | D:2      | Found a faded altar of an unknown god.
  1055 | D:2      | Reached skill level 4 in Spellcasting
  1055 | D:2      | Reached XP level 3. HP: 12/19 MP: 2/10
  1329 | D:2      | Reached XP level 4. HP: 24/24 MP: 10/12
  1714 | D:3      | Found an ancient bone altar of Kikubaaqudgha.
  1985 | D:3      | Reached skill level 5 in Spellcasting
  2200 | D:3      | Noticed a scorpion
  2207 | D:3      | Killed a scorpion
  2208 | D:3      | Reached skill level 5 in Earth Magic
  2208 | D:3      | Reached XP level 5. HP: 25/28 MP: 10/15
  2511 | D:4      | Found Yfeim Yguegy's Weapon Shoppe.
  2592 | D:4      | Reached skill level 6 in Spellcasting
  2595 | D:4      | Noticed Menkaure
  2606 | D:4      | Killed Menkaure
  2607 | D:4      | Reached XP level 6. HP: 7/32 MP: 9/17
  2721 | D:4      | Found a runed translucent door.
  2722 | D:4      | Noticed Crazy Yiuf
  2783 | D:4      | Found a shimmering altar of Xom.
  2842 | D:4      | Found a staircase to the Ecumenical Temple.
  2854 | Temple   | Entered the Ecumenical Temple
  2854 | Temple   | Found a transporter.
  2854 | Temple   | Found a transporter.
  2856 | Temple   | Found a transporter.
  2856 | Temple   | Found a transporter.
  2866 | Temple   | Became a worshipper of Vehumet
  2917 | D:4      | Reached skill level 7 in Spellcasting
  3215 | D:5      | Entered Level 5 of the Dungeon
  3471 | D:5      | Noticed an ice beast
  3593 | D:5      | Killed an ice beast
  3594 | D:5      | Reached XP level 7. HP: 36/36 MP: 16/20
  3852 | D:5      | Reached skill level 8 in Spellcasting
  3889 | D:5      | Found a transporter.
  3889 | D:5      | Found a transporter.
  3899 | D:5      | Noticed oldplebian's ghost (amateur GnCA)
  4359 | D:6      | Reached skill level 9 in Spellcasting
  4372 | D:6      | Reached XP level 8. HP: 41/41 MP: 23/23
  4504 | D:6      | Reached * piety under Vehumet
  4504 | D:6      | Offered knowledge of Foxfire by Vehumet.
  4640 | D:6      | Found a runed translucent door.
  4786 | D:6      | Noticed baller8008's ghost (novice DECj)
  4863 | D:7      | Found a sand-covered staircase.
  4873 | Ossuary  | Entered an ossuary
  5005 | Ossuary  | Reached ** piety under Vehumet
  5008 | Ossuary  | Offered knowledge of Shock by Vehumet.
  5141 | D:7      | Reached skill level 10 in Spellcasting
  5479 | D:7      | Reached skill level 11 in Spellcasting
  5482 | D:7      | Reached XP level 9. HP: 29/45 MP: 26/26
  5928 | D:7      | Offered knowledge of Mephitic Cloud by Vehumet.
  5929 | D:7      | Reached skill level 10 in Earth Magic
  5933 | D:7      | Learned a level 3 spell: Mephitic Cloud
  6335 | D:8      | Reached *** piety under Vehumet
  6397 | D:8      | Found a glowing silver altar of Zin.
  6440 | D:8      | Reached skill level 12 in Spellcasting
  6862 | D:8      | Noticed a komodo dragon
  6867 | D:8      | Killed a komodo dragon
  6872 | D:8      | Learned a level 3 spell: Stone Arrow
  6872 | D:8      | Found a staircase to the Lair.
  6977 | D:8      | Reached skill level 13 in Spellcasting
  7307 | D:8      | Noticed a cyclops
  7311 | D:8      | Killed a cyclops
  7311 | D:8      | Offered knowledge of Airstrike by Vehumet.
  7609 | D:9      | Reached XP level 10. HP: 22/50 MP: 26/29
  7634 | D:9      | Noticed Pikel
  7721 | D:9      | Noticed Joseph
  7736 | D:9      | Killed Joseph
  7763 | D:9      | Found a flagged portal.
  7774 | Bailey   | Entered a bailey
  7948 | Bailey   | Reached **** piety under Vehumet
  7964 | Bailey   | HP: 2/50 [orc warrior/+0 trident (8)]
  7967 | Bailey   | Reached skill level 14 in Spellcasting
  8275 | Bailey   | Offered knowledge of Yara's Violent Unravelling by Vehumet.
  8284 | Bailey   | Learned a level 5 spell: Yara's Violent Unravelling
  8578 | Bailey   | Reached skill level 1 in Fighting
  8831 | Bailey   | Identified the +6 spear of Untruth {flame, rElec rPois
                  | Will+ Int-3}
  9940 | D:9      | Reached skill level 5 in Dodging
  9946 | D:9      | Found a staircase to the Orcish Mines.
 10602 | D:9      | Killed Pikel
 10603 | D:9      | Reached XP level 11. HP: 48/61 MP: 28/31
 10692 | D:9      | Identified the +2 trident of the Baleful God {freeze, rC++
                  | Str-3 SInv}
 10783 | D:9      | Reached ***** piety under Vehumet
 10783 | D:9      | Offered knowledge of Arcjolt by Vehumet.
 11217 | D:10     | Entered Level 10 of the Dungeon
 11218 | D:10     | Found a sacrificial altar of Ru.
 11270 | D:10     | Reached skill level 5 in Fighting
 11344 | D:10     | You fall into a shaft and drop 1 floor!
 11370 | D:11     | Reached skill level 1 in Conjurations
 11416 | D:11     | Noticed a boulder beetle
 11681 | D:10     | Found a bloodstained altar of Trog.
 11683 | D:10     | Found a broken altar of Ashenzari.
 11693 | D:10     | Found a hazy altar of Hepliaklqana.
 12327 | D:4      | Killed Crazy Yiuf
 13076 | D:5      | Killed oldplebian's ghost
 13196 | D:6      | Killed baller8008's ghost
 13211 | D:6      | Learned a level 5 spell: Iskenderun's Battlesphere
 13375 | D:11     | Noticed Harold
 13380 | D:11     | Killed Harold
 13502 | D:11     | Noticed a two-headed ogre
 13506 | D:11     | Killed a two-headed ogre
 13543 | D:11     | Found an iron altar of Okawaru.
 13745 | D:11     | Killed a boulder beetle
 13746 | D:11     | Reached skill level 5 in Conjurations
 13827 | D:11     | Noticed a two-headed ogre
 13832 | D:11     | Killed a two-headed ogre
 14146 | D:12     | Reached skill level 10 in Dodging
 14146 | D:12     | Reached XP level 12. HP: 71/71 MP: 23/32
 14423 | D:12     | Found a broken altar of Ashenzari.
 14517 | D:12     | Noticed a two-headed ogre
 14524 | D:12     | Slain by an orc knight

Illustrated notes

Levels and vault maps discovered:
D:1:      dpeg_arrival_arbitrary_c, layout_basic
D:2:      layout_rooms, ebering_ecumenical_altar_rust, hangedman_glass_teeth,
          minmay_rat_hole
D:3:      layout_loops_cross, mainiacjoe_overflow_cross_hatched
D:4:      layout_cave_pools, mainiacjoe_overflow_chevrons,
          minmay_temple_entry_ruins, serial_shops,
          nicolae_shop_advertising_works [nicolae_subvault_shop_adworks],
          uniq_crazy_yiuf_cottage, uniq_menkaure
D:5:      nicolae_cairo_tiling, layout_gridville, gammafunk_ghost_gnarly_gnolls
D:6:      layout_layer_cave, ebering_ghost_reflecting_pool,
          palyth_stone_intersect
D:7:      layout_basic, nicolae_ossuary_entry_monument,
          chequers_serial_rivers_room_b, minmay_tree_intersection,
          chequers_serial_rivers_micro_a, chequers_serial_rivers_micro_d
D:8:      layout_loops_corners, zin_scriptorium, david_lair_shrubbed,
          kennysheep_generic_room_9
D:9:      layout_cave_pools, erik_orc_1, enter_bailey_3, uniq_joseph, uniq_pikel
D:10:     layout_irregular_city, nicolae_ru_sacrificial_ziggurat,
          minmay_overflow_temple_star_quad
D:11:     layout_basic, okawaru_humans, uniq_harold
D:12:     layout_loops_ring, nicolae_ashenzari_panopticon
Temple:   hellmonk_temple_divided_pantheon

Skill      XL: |  1  2  3  4  5  6  7  8  9 10 11 |
---------------+----------------------------------+-----
Spellcasting   | 4 5 6 7 9 11 13 14 | 14.1
Earth Magic    | 4 5 6 7 9 11 12 | 12.2
Fighting       | 4 6 |  6.7
Dodging        | 6 10 | 10.1
Conjurations   | 5 |  5.7
Stealth        | |  2.4
Transmutations | |  1.1

Action                     |  1- 3 |  4- 6 |  7- 9 | 10-12 || total
---------------------------+-------+-------+-------+-------++-------
  Melee: Unarmed           |       |     5 |       |       ||     5
         Spear             |       |       |       |     1 ||     1
         Trident           |       |       |       |     1 ||     1
   Cast: Sandblast         |    41 |    87 |   193 |   290 ||   611
         Stone Arrow       |       |       |       |    85 ||    85
         Iskenderun's Batt |       |       |       |     1 ||     1
    Use: Potion            |       |     1 |       |     6 ||     7
         Scroll            |       |    16 |     6 |     9 ||    31
 Armour: Robe              |     7 |     4 |     1 |       ||    12
         Scale mail        |       |       |    46 |    67 ||   113
         Steam dragon scal |       |       |       |    16 ||    16
  Dodge: Dodged            |    10 |    33 |    35 |   140 ||   218
  Block: Other             |       |       |     2 |    51 ||    53
         Reflection        |       |       |       |     2 ||     2

Table legend: (Time is in decaauts)
 A = Elapsed time spent in this place.
 B = Non-inter-level travel time spent in this place.
 C = Inter-level travel time spent in this place.
 D = Time resting spent in this place.
 E = Time spent auto-exploring this place.
 F = Levels seen in this place.
 G = Mean time per level.
                   A        B        C        D        E       F      G
               +--------+--------+--------+--------+--------+-----+--------+
         Total |  14881 |  14373 |    508 |   3068 |   8439 |  15 |  992.1 |
       Dungeon |  12371 |  11874 |    497 |   1813 |   7912 |  12 | 1030.9 |
        Temple |     30 |     20 |     10 |      0 |      6 |   1 |   30.0 |
       Ossuary |    270 |    270 |      0 |      0 |    141 |   1 |  270.0 |
        Bailey |   2208 |   2208 |      0 |   1255 |    380 |   1 | 2208.0 |
               +--------+--------+--------+--------+--------+-----+--------+

Top non-repeatable levels by time:
  Bailey: 2208 daAuts
     D:5: 1693 daAuts
     D:8: 1565 daAuts
     D:9: 1390 daAuts
     D:7: 1279 daAuts
    D:11: 1227 daAuts
     D:2: 963 daAuts
     D:6: 904 daAuts
    D:10: 889 daAuts
     D:3: 811 daAuts
     D:1: 761 daAuts
     D:4: 754 daAuts
 Ossuary: 270 daAuts
    D:12: 129 daAuts
  Temple: 30 daAuts
